 Dungeon Crawl Stone Soup version 0.21.1-1-g345015f (webtiles) character file.

12976 KaZZacH the Cleaver (level 11, 0/99 HPs)
             Began as a Minotaur Berserker on May 12, 2018.
             Was a High Priest of Trog.
             Slain by an orc warrior
             ... wielding a +0 morningstar
              (11 damage)
             ... on level 11 of the Dungeon.
             The game lasted 00:40:34 (10182 turns).

KaZZacH the Cleaver (Minotaur Berserker)           Turns: 10182, Time: 00:40:35

Health: 0/99       AC: 17    Str: 25    XL:     11   Next: 69%
Magic:  10/10      EV:  7    Int:  4    God:    Trog [*****.]
Gold:   571        SH: 20    Dex: 10    Spells: 10/10 levels left

rFire    . . .     SeeInvis .   M - +3 long sword (venom)
rCold    + + .     Gourm    .   I - +0 large shield
rNeg     . . .     Faith    .   C - +0 plate armour
rPois    .         Spirit   .   (helmet restricted)
rElec    .         Reflect  +   d - scarf {rC+ rF+}
rCorr    .         Harm     .   N - +2 pair of gloves
MR       .....                  (no boots)
Stlth    ..........             b - +4 amulet of reflection
HPRegen  0.26/turn              G - ring of wizardry
MPRegen  0.12/turn              a - ring of ice

@: lethally poisoned (0 -> -1), berserk cooldown, slowed, very slow
A: retaliatory headbutt, horns 2
a: Berserk, Trog's Hand, Brothers in Arms, Burn Spellbooks, Renounce Religion


You were on level 11 of the Dungeon.
You worshipped Trog.
Trog was extremely pleased with you.
You were near starving.

You visited 1 branch of the dungeon, and saw 11 of its levels.

You collected 571 gold pieces.

Inventory:

Hand Weapons
 r - the +7 lajatang of Order {silver, rMut}
   (You found it on level 9 of the Dungeon)

   It protects you from mutation.
 D - a +0 war axe
 K - a +1 hand axe
 M - a +3 long sword of venom (weapon)
Armour
 d - a scarf of resistance (worn)
 C - a +0 plate armour (worn)
 E - a +0 pair of gloves
 I - a +0 large shield (worn)
 N - a +2 pair of gloves (worn)
Jewellery
 a - a ring of ice (right hand)
 b - a +4 amulet of reflection (around neck)
 i - an uncursed amulet of rage
 G - a ring of wizardry (left hand)
Wands
 f - a wand of flame (11)
 w - a wand of clouds (2)
 A - a wand of digging (6)
 B - a wand of polymorph (14)
Scrolls
 e - 3 scrolls of enchant weapon {unknown}
 h - 8 scrolls of remove curse
 j - a scroll of summoning {unknown}
 o - a scroll of immolation {unknown}
 p - 8 scrolls of identify
 q - 2 scrolls of fear {unknown}
 s - 4 scrolls of teleportation {unknown}
 u - a scroll of magic mapping {unknown}
 x - 2 scrolls of amnesia {unknown}
 H - a scroll of blinking {unknown}
Potions
 g - 6 potions of flight
 k - 2 potions of mutation
 l - a potion of invisibility
 m - 3 potions of lignification
 n - a potion of heal wounds
 t - 2 potions of might
 v - a potion of brilliance {unknown}
 z - a potion of resistance
 F - a potion of curing
Miscellaneous
 y - a sack of spiders
 L - a crystal ball of energy
Comestibles
 c - 14 rations
 J - a chunk of flesh


   Skills:
 + Level 9.9 Fighting
 * Level 3.1 Long Blades
 - Level 14.2 Axes
 + Level 9.6 Armour
 + Level 8.8 Dodging
 + Level 6.0 Shields


You had 10 spell levels left.
You didn't know any spells.

Dungeon Overview and Level Annotations

Branches:
Dungeon (11/15)            Temple (0/1) D:6            Lair (0/6) D:9
    Orc: D:9-12

Altars:
Ashenzari
Cheibriados
Dithmenos
Fedhas
Hepliaklqana
Ru
Uskayaw
Vehumet
Yredelemnul
Zin

Shops:
D:4 [   D:5 *   D:7 (   D:8 *(

Annotations:
D:9 Swamp
D:10 Erica


Innate Abilities, Weirdness & Mutations

You reflexively headbutt those who attack you in melee.
You have a pair of horns on your head.


Message History

You struggle to resist.
The orc wizard mumbles some strange words.
The orc wizard seems to speed up.
You slash the orc wizard!
You kill the orc wizard!
Trog accepts your kill.
Trog appreciates your killing of a magic user.
You feel sick.
The orc priest looks braver for a moment.
An orc priest comes into view. It is wielding a club.
You closely miss the orc priest. You headbutt the orc priest.
The orc priest is moderately wounded.
You feel sick.
The centaur skeleton hits you but does no damage.
You block the orc priest's attack. You block the orc warrior's attack.
The centaur skeleton hits you but does no damage.
The orc priest barely misses you.
The centaur skeleton hits you but does no damage.
The orc warrior hits you with a morningstar!
You die...

####### .#.#.
#...###### #
#..#..#..#
....###..#...#
#...<%†...##
#...###).....##.
## ##@o......
#o)Z..####
.....#o#
...##..#.# #.##
#.## . .. #o# .
# ..# .# ..#


You could see an orc warrior, 2 orc priests, an orc (wandering) and a centaur
skeleton.

Vanquished Creatures
  Fannar (D:10)
  4 two-headed ogres
  The ghost of dstrtnsr the Grappler, a novice OgNe of Cheibriados (D:9)
  2 ugly things
  A gargoyle (D:9)
  The ghost of salinator123 the Poker, an amateur DrBe of Trog (D:4)
  2 trolls
  A slime creature (D:9)
  4 hippogriffs (D:9)
  Sigmund (D:6)
  Eustachio (D:6)
  A human (D:3)
  2 yaks (D:9)
  2 basilisks (D:9)
  3 hungry ghosts
  2 water moccasins (D:9)
  4 sky beasts
  6 orc warriors
  A phantom (D:8)
  3 ice beasts
  2 necrophages
  A centaur (D:5)
  5 ogres
  9 bullfrogs
  A water moccasin zombie (D:10)
  6 scorpions
  A water moccasin skeleton (D:6)
  3 wights (D:8)
  A howler monkey (D:10)
  4 crimson imps
  6 bullfrog zombies
  2 jellies
  A quasit (D:9)
  7 hounds
  2 centaur skeletons
  9 orc priests
  A gnoll shaman (D:10)
  2 human skeletons (D:3)
  3 iguanas
  8 orc wizards
  6 worker ants
  A killer bee zombie (D:5)
  The ghost of Iko the Stinger, a weakling TrVM (D:3)
  A hound skeleton (D:6)
  6 gnolls
  2 howler monkey skeletons
  9 adders
  8 oozes
  An adder zombie (D:9)
  A worm (D:2)
  8 leopard geckos
  44 orcs
  9 bats
  6 giant cockroaches
  A goblin (D:2)
  6 hobgoblins
  30 jackals
  7 kobolds
  A quokka (D:6)
  A ball python (D:2)
  6 frilled lizards
  A leopard gecko skeleton (D:6)
  A quokka zombie (D:7)
  12 rats
286 creatures vanquished.

Vanquished Creatures (others)
  Sonja (D:10)
  A centaur (D:9)
  An orc (D:9)
3 creatures vanquished.

Grand Total: 289 creatures vanquished

Notes
Turn   | Place    | Note
-------+----------+-------------------------------------------
     0 | D:1      | KaZZacH the Minotaur Berserker began the quest for the Orb.
     0 | D:1      | Reached XP level 1. HP: 19/19 MP: 0/0
     3 | D:1      | Found a runed door.
    15 | D:1      | Reached skill level 4 in Axes
    21 | D:1      | Reached XP level 2. HP: 26/26 MP: 1/1
    31 | D:1      | Reached skill level 5 in Axes
    38 | D:1      | Reached XP level 3. HP: 14/31 MP: 2/2
   269 | D:1      | Reached ** piety under Trog
   836 | D:2      | Reached XP level 4. HP: 39/39 MP: 3/3
   848 | D:2      | Reached skill level 6 in Axes
  1167 | D:2      | Found a sacrificial altar of Ru.
  1225 | D:2      | Found a blossoming altar of Fedhas.
  1291 | D:2      | Found a shattered altar of Ashenzari.
  1292 | D:2      | Found a radiant altar of Vehumet.
  1317 | D:2      | Found a shadowy altar of Dithmenos.
  1321 | D:2      | Found a glowing silver altar of Zin.
  1488 | D:3      | Noticed Iko's ghost (weakling TrVM)
  1495 | D:3      | Killed Iko's ghost
  1549 | D:3      | Reached skill level 7 in Axes
  1549 | D:3      | Reached XP level 5. HP: 39/45 MP: 4/4
  1558 | D:3      | Reached *** piety under Trog
  1614 | D:3      | Found a runed door.
  1614 | D:3      | Noticed a human
  1638 | D:3      | Found a basalt altar of Yredelemnul.
  1691 | D:3      | Killed a human
  1691 | D:3      | Reached skill level 8 in Axes
  1691 | D:3      | Reached XP level 6. HP: 33/52 MP: 5/5
  2619 | D:4      | Reached XP level 7. HP: 27/60 MP: 6/6
  2620 | D:4      | Noticed salinator123's ghost (amateur DrBe)
  2894 | D:4      | Killed salinator123's ghost
  2894 | D:4      | Reached skill level 9 in Axes
  2940 | D:4      | Reached skill level 5 in Fighting
  3125 | D:4      | Found Dainuq's Antique Armour Emporium.
  3193 | D:4      | Reached **** piety under Trog
  3267 | D:4      | Found a hazy altar of Hepliaklqana.
  3591 | D:5      | Entered Level 5 of the Dungeon
  3601 | D:5      | Found a hide-covered altar of Uskayaw.
  3602 | D:5      | Noticed a dagger
  3602 | D:5      | Noticed a hand axe
  3631 | D:5      | Found Saugh's Assorted Antiques.
  3696 | D:5      | Reached XP level 8. HP: 64/68 MP: 7/7
  4487 | D:6      | Reached skill level 10 in Axes
  4491 | D:6      | Reached skill level 5 in Armour
  4542 | D:6      | Found a staircase to the Ecumenical Temple.
  4777 | D:6      | Noticed Eustachio
  4788 | D:6      | Reached skill level 5 in Dodging
  4800 | D:6      | Killed Eustachio
  4814 | D:6      | Noticed Sigmund
  4846 | D:6      | Killed Sigmund
  5350 | D:6      | Reached XP level 9. HP: 78/78 MP: 8/8
  5422 | D:7      | Reached skill level 11 in Axes
  5688 | D:7      | Found Tacseor's Weapon Shop.
  6147 | D:8      | Found Houfish's General Store.
  6166 | D:8      | Noticed a two-headed ogre
  6175 | D:8      | Killed a two-headed ogre
  6175 | D:8      | Reached ***** piety under Trog
  6175 | D:8      | Reached skill level 12 in Axes
  6370 | D:8      | Found Hodghoys's Weapon Emporium.
  6477 | D:8      | Reached skill level 1 in Shields
  6483 | D:8      | Reached XP level 10. HP: 82/88 MP: 9/9
  7181 | D:9      | Noticed dstrtnsr's ghost (novice OgNe)
  7701 | D:9      | Killed dstrtnsr's ghost
  7986 | D:9      | Reached skill level 13 in Axes
  8127 | D:9      | Noticed a two-headed ogre
  8127 | D:9      | Noticed a two-headed ogre
  8139 | D:9      | Killed a two-headed ogre
  8146 | D:9      | Killed a two-headed ogre
  8172 | D:9      | Reached XP level 11. HP: 50/97 MP: 10/10
  8462 | D:9      | Found the +7 lajatang of Order {silver, rMut}
  8512 | D:9      | Noticed a brown ugly thing
  8525 | D:9      | Killed a brown ugly thing
  8593 | D:9      | Noticed a two-headed ogre
  8606 | D:9      | Killed a two-headed ogre
  8606 | D:9      | Reached skill level 5 in Shields
  8609 | D:9      | Reached skill level 14 in Axes
  8944 | D:9      | Found a staircase to the Lair.
  9700 | D:10     | Entered Level 10 of the Dungeon
  9721 | D:10     | Found a snail-covered altar of Cheibriados.
  9729 | D:10     | Received a gift from Trog
  9850 | D:10     | Reached skill level 1 in Long Blades
  9855 | D:10     | Noticed Fannar
  9859 | D:10     | Noticed Sonja
  9869 | D:10     | Killed Sonja
  9870 | D:10     | Killed Fannar
 10074 | D:10     | Noticed Erica
 10161 | D:11     | Noticed a green ugly thing
 10172 | D:11     | Killed a green ugly thing
 10182 | D:11     | Slain by an orc warrior

Skill      XL: |  1  2  3  4  5  6  7  8  9 10 11 |
---------------+----------------------------------+-----
Axes           | 4 5 7 8 9 10 12 13 14 | 14.2
Fighting       | 4 5 6 7 9 |  9.9
Armour         | 3 4 5 7 8 9 |  9.6
Dodging        | 3 4 5 6 8 |  8.8
Shields        | 1 4 6 |  6.0
Long Blades    | 3 |  3.1

Action                   |  1- 3 |  4- 6 |  7- 9 | 10-12 || total
-------------------------+-------+-------+-------+-------++-------
Melee: Hand axe          |    58 |   161 |    12 |   317 ||   548
       Headbutt          |     7 |    29 |    43 |    87 ||   166
       War axe           |       |       |   287 |     5 ||   292
       Long sword        |       |       |       |    70 ||    70
Invok: Berserk           |     1 |     4 |     6 |    10 ||    21
  Use: Scroll            |       |       |     2 |     9 ||    11
  Eat: Chunk             |     1 |     9 |    23 |    13 ||    46
       Ration            |       |       |       |     3 ||     3
Armor: Animal skin       |     9 |       |       |       ||     9
       Chain mail        |    11 |    35 |       |       ||    46
       Leather armour    |     5 |       |       |       ||     5
       Plate armour      |       |    59 |   195 |   167 ||   421
Dodge: Dodged            |    51 |    51 |   119 |    55 ||   276
Block: Large shield      |       |       |    14 |   342 ||   356
       Reflection        |       |       |       |    11 ||    11
       Rpst.: Long sword |       |       |       |     4 ||     4
